[Event "Late-Titled-Tuesday-Blitz-October-03-2023"]
[Site "Chess.com"]
[Date "2023.10.03"]
[Round "4"]
[White "davigator"]
[Black "Valeron87"]
[Result "0-1"]
[WhiteElo "2303"]
[BlackElo "2480"]
[TimeControl "180+1"]
[EndTime "14:39:33 PDT"]
[Termination "Valeron87 won by resignation"]

1. e4 c5 2. Nf3 Nc6 3. d4 cxd4 4. Nxd4 Nf6 5. Nc3 e5 6. Ndb5 d6 7. Bg5 a6 8. Na3 b5 9. Bxf6 gxf6 10. Nd5 Bg7 11.
c3 f5 12. exf5 Bxf5 13. Nc2 O-O 14. Be2 Be6 15. O-O f5 16. a4 bxa4 17. Rxa4 a5 18. Bc4 Rb8 19. b3 e4 20. Qd2 Ne5 21. Rfa1 Kh8 22.
Nf4 Bxc4 23. bxc4 Bh6 24. Ne1 Qh4 25. g3 Qg4 26. h3 Qxh3 27. Nxh3 Bxd2 28. Kf1 Bxc3 29.
Rc1 Bb4 30. Ra2 Rfc8 31. Nf4 Rxc4 32. Rd1 Bc5 33. Ne6 Bb4 34. Nd4 Rbc8 35. Nxf5 Ra8 36. Raa1 Ra6 37. Rd5 a4 38. Ne3 Rc5 39. Rd4 Rb5 40.
Rxe4 a3 41. N1c2 Bc5 42. Nc4 Nxc4 43. Rxc4 a2 44. Ke2 Rb1 45. Kd3 Bxf2 46. g4 Bc5 47. Rc3 Kg7 48. Rc4 Kg6 49. Re4 Kg5 50. Re7 h6 51.
Re6 Rxa1 52. Nxa1 Rb6 53. Nc2 Rb3+ 54. Kc4 Rb1 55. Re8 a1=Q 56. Nxa1 Rxa1 57. Rg8+ Kh4 58. Kd5 Rg1 59. Rg6 Be3 60. Kxd6 Rxg4 61. Re6 Bf4+ 62. Kd5 Kg3 63. Ke4 h5 64. Ra6 Bd2+ 65. Kd3 Bb4 66.
Ke2 h4 67. Ra1 Kg2 68. Ra2 h3 69. Ke3+ Kg3 70. Ra1 h2 71. Rh1 Kg2 0-1

[Event "Late-Titled-Tuesday-Blitz-October-03-2023"]
[Site "Chess.com"]
[Date "2023.10.03"]
[Round "4"]
[White "Onthequiet"]
[Black "K_alena13"]
[Result "1-0"]
[WhiteElo "2400"]
[BlackElo "2112"]
[TimeControl "180+1"]
[EndTime "14:39:33 PDT"]
[Termination "Onthequiet won by resignation"]

1. d4 d5 2. Nf3 Nf6 3. c4 dxc4 4. e3 Bg4 5. Bxc4 e6 6. Nc3 a6 7. a4 Nc6 8. O-O Be7 9. a5 O-O 10. Qa4 Bxf3 11. gxf3 Nd5 12. Bd2 Ndb4 13. Kh1 Bd6 14. f4 Ne7 15. Ne4 Nbd5 16. Rg1 f5 17. Ng5 Rf6 18.
Qb3 c6 19. Bc3 Rh6 20. Qxb7 Rb8 21. Qxa6 Ra8 22. Qb7 Rb8 23. a6 Rxb7 24. axb7 Bb8 25. Ra8 Qc7 26. Rg3 Qxb7 27. Ra1 Qc7 28. Rag1 Rg6 29.
Nxe6 Rxe6 30. Rxg7+ Kf8 31. Rxh7 Rg6 32. Rxg6 Nxg6 33.
Rxc7 Bxc7 34. Bd2 Ke7 35. Kg2 Kf6 36. Kf1 Nb6 37. Bd3 Na4 38. b4 Nb6 39. b5 cxb5 40.
Bxb5 Nh4 41. Bc6 Ng6 42. Bc3 Ne7 43. Bf3 Ned5 44. Bd2 Ke6 45. h4 Nc4 46. Bc1 Bd8 47.
h5 Bf6 48. Be2 Nd6 49. Bd3 Bg7 50. f3 Nf6 51. Ba3 Nxh5 52. Bc5 Nf6 53. Ke2 Nd7 54. Ba7 Bf6 55. e4 fxe4 56. fxe4 Be7 57. f5+ Kf7 58.
e5 Nxf5 59. Bxf5 Nf8 60. Bb1 Ne6 61. Ba2 Bg5 62. Kd3 Ke7 63. Bxe6 Kxe6 64. Ke4 Bd8 65. d5+ Ke7 66. Bc5+ Kd7 67. e6+ Ke8 68. d6 Bg5 69. Kd5 Kd8 70. Kc6 Bf4 71. Bb6+ Ke8 72. d7+ 1-0

[Event "Late-Titled-Tuesday-Blitz-October-03-2023"]
[Site "Chess.com"]
[Date "2023.10.03"]
[Round "4"]
[White "Caisachess"]
[Black "onnoelgersma"]
[Result "1-0"]
[WhiteElo "2430"]
[BlackElo "2539"]
[TimeControl "180+1"]
[EndTime "14:39:35 PDT"]
[Termination "Caisachess won on time"]

1. e4 e6 2. d4 d5 3. Bd3 dxe4 4. Bxe4 Nf6 5. Bf3 Nbd7 6. Ne2 c6 7. O-O Bd6 8. c4 O-O 9. Nbc3 e5 10. Ng3 exd4 11.
Qxd4 Ne5 12. Be2 Be6 13. Bg5 Bc7 14. Qxd8 Bxd8 15. b3 h6 16. Be3 Bc7 17. Rad1 b6 18.
h3 Rad8 19. f4 Ng6 20. Bd3 Bc8 21. Nf5 Bb7 22. Ng3 Bb8 23. Nge4 Nxe4 24. Bxe4 Rfe8 25. Rxd8 Rxd8 26. g3 Nf8 27. Rd1 Rxd1+ 28. Nxd1 Ne6 29. Kf2 Nc5 30. Bg2 Kf8 31. Bxc5+ bxc5 32. Nc3 Bc7 33.
Ne4 Bb6 34. Nd6 Ba8 35. Ke3 Ke7 36. Nf5+ Kf6 37. g4 Bc7 38. Ng3 g6 39. Ne4+ Ke7 40. Nxc5 Bb6 41. Kd4 Kd6 42. b4 a5 43. a3 axb4 44.
axb4 Bb7 45. Be4 Bc8 46. Bf3 g5 47. fxg5 hxg5 48. Be4 Bd7 49. Bd3 Be8 50. Ke4 Bd7 51. Nb3 Ke7 52. c5 Bc7 53. Nd4 Kf6 54. Ba6 Be5 55.
Bb7 Bxd4 56. Kxd4 Ke6 57. Kc4 Ke5 58. Ba6 Be6+ 59. Kc3 Bd7 60. Bd3 Be6 61. b5 cxb5 62. Bxb5 Kd5 63. Kb4 Ke5 64. Bc4 1-0

[Event "Late-Titled-Tuesday-Blitz-October-03-2023"]
[Site "Chess.com"]
[Date "2023.10.03"]
[Round "4"]
[White "scandalgod"]
[Black "StarkyNZ"]
[Result "0-1"]
[WhiteElo "2469"]
[BlackElo "2320"]
[TimeControl "180+1"]
[EndTime "14:39:35 PDT"]
[Termination "StarkyNZ won on time"]

1. d4 Nf6 2. c4 e6 3. g3 d5 4. Nf3 c5 5. cxd5 Nxd5 6. Bg2 cxd4 7. O-O Bc5 8. Nbd2 Nc6 9. Nb3 Bb6 10. Nfxd4 Nxd4 11. Nxd4 O-O 12. Nf3 Bd7 13. Bg5 f6 14. Bd2 Bc6 15. Rc1 Kh8 16. Qb3 Qd7 17. Rfd1 Ba4 18. Qa3 Bxd1 19. Rxd1 Rfd8 20. e3 Rac8 21. Ne1 Ne7 22. Bf3 Nc6 23. Kg2 Qe7 24. Qb3 Ne5 25.
Be2 Qc7 26. Qxe6 Qc6+ 27. Qxc6 Rxc6 28. Bc3 Rxd1 29. Bxd1 Rd6 30. Bc2 Nc6 31. Nd3 Ne7 32.
Kf3 Nd5 33. Bd2 a5 34. Ke2 Rc6 35. Bb3 Rd6 36. a3 Nc7 37. Bc3 Nd5 38. Bd2 h6 39. h4 Kh7 40. Bc2 Kh8 41. Bb3 Ne7 42. Nf4 g5 43. hxg5 hxg5 44. Nd3 Kg7 45. Bc3 Nd5 46. Bd2 Bc7 47. f4 gxf4 48. gxf4 b5 49.
a4 b4 50. Nc5 Bb6 51. Ne4 Rd8 52. Be1 Nxe3 53. Bh4 Rf8 54. Kf3 Nf5 55. Be1 Rc8 56. Bd2 Nd4+ 57. Kg4 Nxb3 0-1

[Event "Late-Titled-Tuesday-Blitz-October-03-2023"]
[Site "Chess.com"]
[Date "2023.10.03"]
[Round "4"]
[White "alfianasybullina"]
[Black "flukeyNZ"]
[Result "0-1"]
[WhiteElo "2407"]
[BlackElo "2228"]
[TimeControl "180+1"]
[EndTime "14:39:40 PDT"]
[Termination "flukeyNZ won by resignation"]

1. d4 d5 2. Nf3 e6 3. Bf4 c5 4. e3 Nc6 5. c3 Nf6 6. Nbd2 Qb6 7. Qc1 a5 8. Bd3 Be7 9. O-O Bd7 10. Ne5 cxd4 11.
Nxd7 Nxd7 12. exd4 Rc8 13. Qb1 Nf6 14. Re1 O-O 15. Nf3 a4 16. a3 Na5 17. Qc2 Nc4 18.
Rab1 Qb3 19. Qe2 Nd6 20. Bc2 Qb5 21. Qxb5 Nxb5 22. Bxa4 Nd6 23. Bxd6 Bxd6 24. Bc2 Rc7 25. Bd3 Rfc8 26. h3 Nd7 27. Ne5 Bxe5 28. dxe5 Nc5 29. Bc2 h6 30. f4 Nd7 31. Rbd1 Nb6 32. Bb3 Kf8 33. Re2 Ke7 34. Kh2 Rc5 35. Rd4 Nc4 36. Bxc4 Rxc4 37. Red2 R8c7 38. Rxc4 Rxc4 39. Rd4 Rc7 40.
Kg3 Kd7 41. Kf3 Kc6 42. Rb4 Kc5 43. Ke3 b5 44. a4 bxa4 45. Rxa4 Rb7 46. g4 Rxb2 47. Ra7 Rh2 48. Rxf7 Rxh3+ 49. Kd2 Rh2+ 50. Kd3 Rh3+ 51. Kc2 Rh2+ 52. Kb3 Rh3 53. Kc2 Rh2+ 54.
Kd3 Rh3+ 55. Kd2 Rh2+ 56. Ke1 Kc4 57. Rxg7 Kxc3 58. Rg6 d4 59. Rxe6 Kd3 60. Rd6 Ke3 61. Kf1 Rf2+ 62. Kg1 Rxf4 63. e6 Rxg4+ 64. Kh2 Re4 65. Kg3 d3 66. Kg2 d2 67. Kf1 Rf4+ 68. Kg1 Rd4 69. e7 d1=Q+ 70. Kh2 Qh5+ 71. Kg3 Rxd6 72.
e8=Q+ Qxe8 0-1

[Event "Late-Titled-Tuesday-Blitz-October-03-2023"]
[Site "Chess.com"]
[Date "2023.10.03"]
[Round "4"]
[White "Hrant_ChessMood"]
[Black "Abund"]
[Result "1-0"]
[WhiteElo "2969"]
[BlackElo "2781"]
[TimeControl "180+1"]
[EndTime "14:39:41 PDT"]
[Termination "Hrant_ChessMood won by resignation"]

1. d4 Nf6 2. c4 e6 3. Bf4 d5 4. e3 Bd6 5. Nc3 Bxf4 6. exf4 O-O 7. Nf3 b6 8. Bd3 dxc4 9. Bxc4 Bb7 10. O-O Nc6 11.
Rc1 Ne7 12. Ne5 Rc8 13. Re1 Ned5 14. Qd2 c5 15. Rcd1 a6 16. Bb3 b5 17. dxc5 Rxc5 18.
Ne2 Qc7 19. Rc1 Rc8 20. Rxc5 Qxc5 21. Rc1 Qf8 22. f3 g6 23. Kf2 Qd8 24. Rxc8 Qxc8 25. Qd4 Qc7 26. Nd3 Nd7 27. a3 h5 28. Ng3 Qb6 29. Qxb6 N5xb6 30. Ne4 Bd5 31. Bxd5 Nxd5 32. g3 Kf8 33. Nec5 Nxc5 34. Nxc5 a5 35. Nb7 a4 36. Nd6 Nc7 37. Ke3 Ke7 38. Ne4 Kd7 39. Kd4 Kc6 40. Ng5 f6 41. Nh7 Nd5 42. Nf8 g5 43. fxg5 fxg5 44. Nxe6 g4 45. fxg4 hxg4 46. Nd8+ Kd6 47. Nf7+ Ke6 48. Ne5 Nf6 49. Nd3 Kd6 50. Ne5 Ke6 51. Nd3 Kd6 52. Nf2 Ke6 53. Kc5 Ke5 54.
Kxb5 Kd4 55. Kxa4 Ke3 56. Nxg4+ Nxg4 57. Kb5 Nxh2 58. a4 Nf3 59. a5 Ne5 60. a6 Nf7 61. a7 Nd6+ 62. Ka6 Nc4 63. a8=Q Nxb2 64. Qg2 Nd3 65.
g4 Nf4 66. Qg3+ Ke4 67. g5 Ng6 68. Qf2 Nf4 69. Qxf4+ Kxf4 70. g6 1-0

[Event "Late-Titled-Tuesday-Blitz-October-03-2023"]
[Site "Chess.com"]
[Date "2023.10.03"]
[Round "4"]
[White "Alina_Gumerovna"]
[Black "McCarthyStone"]
[Result "0-1"]
[WhiteElo "2111"]
[BlackElo "2375"]
[TimeControl "180+1"]
[EndTime "14:39:43 PDT"]
[Termination "McCarthyStone won by checkmate"]

1. e4 e5 2. Nf3 d6 3. d4 exd4 4. Nxd4 g6 5. Bc4 Bg7 6. O-O Nf6 7. Nc3 O-O 8. Bg5 h6 9. Bh4 Nc6 10. Nf3 Re8 11. Re1 g5 12. Bg3 Ng4 13. h3 Nge5 14.
Bb3 a5 15. a3 Bd7 16. Nd5 Nxf3+ 17. Qxf3 Nd4 18. Qh5 Nxb3 19. cxb3 Be6 20. h4 Bxd5 21. exd5 Qf6 22. hxg5 Qxg5 23. Qxg5 hxg5 24. Rac1 Rxe1+ 25. Rxe1 Bxb2 26. Re7 Rc8 27. a4 Kf8 28. Re2 Ba3 29. f4 Bc5+ 30. Kf1 g4 31. Be1 Bb6 32. f5 Re8 33. Bc3 Rxe2 34. Kxe2 c6 35. dxc6 bxc6 36. f6 Ke8 37. Kd3 Kd7 38. Ke4 Ke6 39. Kf4 d5 40. Kxg4 d4 41. Bd2 Kxf6 42. Kf3 Ke5 43. Bf4+ Kd5 44.
g4 Kc5 45. Bd2 Kd5 46. g5 Bc7 47. Kg4 Ke4 48. Kh5 Kd3 49. Be1 Kc2 50. b4 d3 51. b5 cxb5 52. axb5 d2 53. Bxd2 Kxd2 54. Kh6 a4 55. Kg7 a3 56. Kxf7 a2 57. g6 a1=Q 58. g7 Qa2+ 59. Kf8 Bd6+ 60. Ke8 Qe6+ 61. Kd8 Qe7+ 62. Kc8 Qc7# 0-1

[Event "Late-Titled-Tuesday-Blitz-October-03-2023"]
[Site "Chess.com"]
[Date "2023.10.03"]
[Round "4"]
[White "carokannlover213"]
[Black "Metadast"]
[Result "1-0"]
[WhiteElo "2734"]
[BlackElo "2535"]
[TimeControl "180+1"]
[EndTime "14:39:47 PDT"]
[Termination "carokannlover213 won by resignation"]

1. c4 f5 2. b3 d6 3. Bb2 e5 4. d4 Nc6 5. d5 Nce7 6. e4 fxe4 7. Nc3 Nf6 8. Nge2 Bf5 9. Ng3 g6 10. Qe2 Bh6 11. Ngxe4 Nxe4 12. Nxe4 O-O 13. f3 Bxe4 14.
fxe4 c6 15. Bc3 cxd5 16. exd5 Rc8 17. Qd1 Nf5 18. g3 Ne3 19. Qe2 Nxd5 20. Bd2 Bxd2+ 21. Qxd2 Nf6 22. Bh3 Rc6 23. O-O Qb6+ 24. Kh1 Qc5 25. Bg2 Rc7 26. Rad1 Ne8 27. Bd5+ Kg7 28. Rxf8 Kxf8 29.
Rf1+ Ke7 30. Qg5+ Kd7 31. Qg4+ Kd8 32. Rf8 Re7 33. Kg2 Qe3 34. Qf3 Qd2+ 35. Qf2 Qxf2+ 36. Kxf2 b6 37. Ke3 Kd7 38. Bg2 Nc7 39. Bh3+ Ne6 40. Rh8 Kc7 41. Bg2 Nc5 42. h4 a5 43. Ra8 Nd7 44.
Bh3 Nc5 45. Ra7+ Kd8 46. Ra8+ Kc7 47. Rh8 e4 48. Bg4 Rf7 49. h5 gxh5 50. Bxh5 Rg7 51. g4 Kc6 52. Ra8 Kc7 53. Ra7+ Nb7 54. Ra8 Nc5 55.
Rf8 Kc6 56. Rf1 b5 57. Be8+ Kb6 58. Bxb5 d5 59. Rf6+ Kc7 60. cxd5 Rxg4 61. Rc6+ Kb7 62. Rxc5 Rg2 63. Bc6+ 1-0

[Event "Late-Titled-Tuesday-Blitz-October-03-2023"]
[Site "Chess.com"]
[Date "2023.10.03"]
[Round "4"]
[White "Mikhal867"]
[Black "luizzy"]
[Result "1/2-1/2"]
[WhiteElo "2479"]
[BlackElo "2611"]
[TimeControl "180+1"]
[EndTime "14:39:47 PDT"]
[Termination "Game drawn - insufficient material"]

1. d4 d6 2. e4 Nf6 3. Nc3 Nbd7 4. g3 e5 5. Nge2 g6 6. Bg2 Bg7 7. h3 O-O 8. O-O c6 9. a4 a5 10. Be3 Re8 11. Qd2 exd4 12. Bxd4 Nc5 13. Bxc5 dxc5 14. Qxd8 Rxd8 15. Rad1 Be6 16. Nf4 Bc4 17. Rfe1 g5 18. Nd3 b6 19. Ne5 Rd4 20. Nxc6 Rxd1 21. Rxd1 Re8 22.
f4 Nh5 23. fxg5 Nxg3 24. Kh2 Bxc3 25. Kxg3 Bxb2 26. Rb1 Be5+ 27. Nxe5 Rxe5 28. Kf4 Re6 29. e5 Kg7 30. h4 h6 31. Bh3 Rc6 32. Bd7 Rc7 33. Bf5 hxg5+ 34. hxg5 Rb7 35. Be4 Rb8 36. Rh1 Rg8 37. Rh6 b5 38. axb5 Bxb5 39. Rh7+ Kf8 40. Kf5 Rg6 41. Kf4 Rb6 42. Bd5 Be8 43. Rh8+ Ke7 44.
Rh6 Rb4+ 45. Ke3 Rd4 46. c4 a4 47. Ra6 Rg4 48. Ra7+ Kf8 49. Ra8 Ke7 50. Ra7+ Kf8 51. Ra8 Rxg5 52. Bc6 Rxe5+ 53. Kf4 Re6 54. Bxe8 Rxe8 55.
Rxa4 Ke7 56. Ke5 Rd8 57. Ra7+ Ke8 58. Rc7 Rd7 59. Rxc5 Ke7 60. Kf5 f6 61. Ra5 Rd4 62.
Rc5 Kd6 63. Rd5+ Rxd5+ 64. cxd5 Kxd5 65. Kxf6 1/2-1/2

[Event "Late-Titled-Tuesday-Blitz-October-03-2023"]
[Site "Chess.com"]
[Date "2023.10.03"]
[Round "4"]
[White "RamyresCoelho"]
[Black "dennisodessa"]
[Result "1/2-1/2"]
[WhiteElo "2286"]
[BlackElo "2465"]
[TimeControl "180+1"]
[EndTime "14:39:47 PDT"]
[Termination "Game drawn by repetition"]

1. e4 e6 2. d4 d5 3. Nc3 Bb4 4. e5 c5 5. a3 Ba5 6. b4 cxd4 7.
bxa5 dxc3 8. Qg4 Kf8 9. Nf3 Ne7 10. Bd3 Nbc6 11. Qf4 h6 12. a4 Qxa5 13. O-O b6 14. Ba3 Ba6 15. Bg6 Nd8 16. Bb4 Bxf1 17. Bxa5 Nxg6 18. Bb4+ Kg8 19. Qd4 Bc4 20. Bxc3 Nc6 21.
Qe3 Kh7 22. h4 Rhf8 23. h5 Nge7 24. g4 Rad8 25. Nd4 Nxd4 26. Bxd4 Nc6 27. c3 Nxd4 28. cxd4 f5 29. exf6 Rxf6 30. a5 b5 31. Rb1 Rdf8 32.
Rb2 a6 33. Qe5 R8f7 34. g5 hxg5 35. Qxg5 Kh8 36. Qe5 Rh6 37. Kg2 Rf5 38. Qb8+ Kh7 39. f4 Rfxh5 40. f5 exf5 41. Kf3 Rh3+ 42. Kf4 R6h4+ 43.
Ke5 Re4+ 44. Kd6 Rxd4 45. Rg2 Rh6+ 46. Kc5 Rg4 47. Rf2 f4 48. Rxf4 Rxf4 49. Qxf4 Rf6 50. Qh4+ Kg8 51. Qh5 Kf8 52. Qe5 Kf7 53. Qc7+ Kg8 54.
Qd8+ Kh7 55. Qe8 Kh6 56. Qe3+ Kg6 57. Qe8+ Kh6 58. Qe3+ Kg6 59. Qe8+ Kf5 60. Qe3 Re6 61. Qf3+ Kg6 62. Qg3+ Kf6 63. Qf3+ Ke7 64. Qg3 Kf7 65.
Qc7+ Re7 66. Qf4+ Kg8 67. Qb8+ Kf7 68. Qf4+ Kg8 69. Qb8+ Kf7 70. Qf4+ 1/2-1/2

[Event "Late-Titled-Tuesday-Blitz-October-03-2023"]
[Site "Chess.com"]
[Date "2023.10.03"]
[Round "4"]
[White "MathiasCasalaspro"]
[Black "ChadBiryani"]
[Result "0-1"]
[WhiteElo "2327"]
[BlackElo "2504"]
[TimeControl "180+1"]
[EndTime "14:39:48 PDT"]
[Termination "ChadBiryani won by checkmate"]

1. d4 f5 2. Bg5 h6 3. Bh4 g5 4.
Bg3 Nf6 5. e3 Bg7 6. c4 d6 7. Nc3 O-O 8. h4 g4 9. h5 Qe8 10. Nd5 Na6 11. Nxf6+ Bxf6 12. Ne2 e5 13. d5 Nc5 14. Nc3 a5 15. Be2 Bg5 16. Qc2 f4 17.
Bh4 Qxh5 18. Bxg5 Qxg5 19. exf4 exf4 20. f3 Bf5 21. Qd2 g3 22. O-O-O Rfe8 23. Rde1 Re3 24. Nd1 Nd3+ 25. Bxd3 Rxd3 26. Qe2 a4 27. Qe7 a3 28.
Qxg5+ hxg5 29. b3 Kf7 30. Re2 c6 31. Rhe1 cxd5 32. Re7+ Kf6 33. c5 dxc5 34. Rxb7 c4 35. Rb6+ Kg7 36. Rb7+ Kg6 37. Rb6+ Kf7 38. Rb7+ Kf8 39.
bxc4 Rc8 40. Rb4 Rxc4+ 41. Rxc4 dxc4 42. Re5 Bg6 43. Rxg5 Kf7 44. Rc5 Rd4 45. Rc7+ Kf6 46. Rc6+ Kg5 47. Rc5+ Kh6 48. Ra5 Rd3 49. Rc5 Rd4 50.
Ra5 Rd3 51. Rc5 Bf7 52. Rc7 Kg6 53. Rc6+ Kg7 54. Rc7 Kf6 55. Rc6+ Ke5 56. Rc7 Be6 57. Ra7 Bd5 58. Re7+ Kd4 59. Rf7 Ke5 60. Re7+ Kd4 61.
Re8 c3 62. Rf8 Ke5 63. Re8+ Be6 64. Ra8 Rd2 65. Rxa3 Rxg2 66. Rxc3 Rxa2 67. Rc5+ Kf6 68. Rb5 g2 69. Rb8 g1=Q 70. Rf8+ Bf7 71. Rd8 Qc5+ 72. Kb1 Qc2# 0-1

[Event "Late-Titled-Tuesday-Blitz-October-03-2023"]
[Site "Chess.com"]
[Date "2023.10.03"]
[Round "4"]
[White "Grischuk"]
[Black "Byniolus"]
[Result "1-0"]
[WhiteElo "3008"]
[BlackElo "2756"]
[TimeControl "180+1"]
[EndTime "14:39:50 PDT"]
[Termination "Grischuk won by checkmate"]

1. d4 d6 2. e4 Nf6 3. Nc3 c6 4. f4 Qb6 5. Nf3 Bg4 6. e5 Nd5 7. Nxd5 cxd5 8. c3 e6 9. Bd3 g6 10. h3 Bf5 11. O-O Nc6 12. Kh1 Be7 13. Qe2 O-O-O 14. b4 Kb8 15. a4 Rc8 16. a5 Qc7 17.
Bd2 Bxd3 18. Qxd3 Nd8 19. Rfb1 Qc4 20. Qe3 Qb5 21. Be1 Nc6 22. a6 b6 23. exd6 Bxd6 24.
Bh4 Rc7 25. Bf6 Rhc8 26. Rc1 Ka8 27. Kh2 Nb8 28. Be5 Bxe5 29. dxe5 Qc4 30. Nd2 Qb5 31.
Qf3 Qc6 32. Rab1 b5 33. Nb3 Qxa6 34. Ra1 Qb6 35. Qd3 a6 36. Nc5 Rc6 37. Rc2 Rxc5 38.
bxc5 Rxc5 39. Qd4 Kb7 40. Qb4 Nc6 41. Qa3 Na7 42. Rca2 Nc6 43. Rb2 h5 44. Rba2 Nb8 45. Rb2 Nc6 46. Rab1 Nb8 47. Qb3 Nc6 48. Ra2 Rc4 49.
Rba1 a5 50. Rb2 Rxf4 51. Qd1 Rc4 52. Qf3 b4 53. Qxf7+ Ka6 54. cxb4 Rxb4 55. Re2 Nd4 56. Rea2 Nb3 57. Rf1 d4 58. Rf6 Kb5 59. Rxe6 Qb8 60.
Qd7+ Kc4 61. Rc2+ Kd3 62. Rf2 Nc5 63. Qd5 Nxe6 64. Rf3+ Kc2 65. Qe4+ d3 66. Qxd3+ Kb2 67. Qa3+ Kc2 68. Rc3+ Kd2 69. Qc1+ Ke2 70. Re3+ Kf2 71.
Qe1# 1-0

[Event "Late-Titled-Tuesday-Blitz-October-03-2023"]
[Site "Chess.com"]
[Date "2023.10.03"]
[Round "4"]
[White "elmusmolamas"]
[Black "Korchmar_Vasiliy"]
[Result "0-1"]
[WhiteElo "2522"]
[BlackElo "2708"]
[TimeControl "180+1"]
[EndTime "14:39:54 PDT"]
[Termination "Korchmar_Vasiliy won on time"]

1. e4 c5 2. Nc3 d6 3. Nge2 Nc6 4. d4 cxd4 5. Nxd4 Nf6 6. g3 g6 7. Bg2 Bd7 8. Nde2 Bg7 9. O-O Qc8 10. Bg5 h6 11. Be3 Bh3 12. Qd2 Ne5 13. b3 Bxg2 14. Kxg2 h5 15. h4 Nfg4 16. Bd4 O-O 17. Nd5 Re8 18.
f3 Nf6 19. c4 e6 20. Nxf6+ Bxf6 21. Qc3 Kg7 22. Nf4 Qc6 23. Nd3 Nd7 24. Bxf6+ Nxf6 25.
Rac1 Rac8 26. Qb2 a6 27. Nf4 Qc5 28. Rfd1 Red8 29. Nh3 Rc7 30. Ng5 e5 31. Qf2 Qa3 32.
Rc2 Rdc8 33. Rcd2 b5 34. cxb5 axb5 35. Rxd6 Rc2 36. R1d2 Qxa2 37. Kh3 Qxb3 38. Qa7 Rxd2 39. Rxd2 Rc1 40. Kg2 Rc2 41. Rxc2 Qxc2+ 42. Kh3 Qc4 43. Qb7 b4 44. Kg2 b3 45. Kh3 Qf1+ 46. Kh2 Qe2+ 47. Kh3 Qc4 48. Kh2 Ne8 49. Qe7 b2 50. Qb7 Qe2+ 51.
Kh3 Qf1+ 52. Kh2 Qe2+ 53. Kh3 Nd6 54. Ne6+ Kf6 55. Qd7 Qf1+ 56. Kh2 Qe2+ 57. Kh3 fxe6 58. Qd8+ Kg7 59. Qxd6 Qf1+ 60. Kh2 Qf2+ 61. Kh3 Qxf3 62.
Qxe5+ Qf6 63. Qc7+ Kh6 64. Qc2 Qf1+ 65. Kh2 b1=Q 66. Qd2+ Kg7 67. Qd7+ Qf7 68. Qd4+ Kh7 69. Qe3 Qc2+ 70. Kh3 Qcf2 0-1

[Event "Late-Titled-Tuesday-Blitz-October-03-2023"]
[Site "Chess.com"]
[Date "2023.10.03"]
[Round "4"]
[White "FaustinoOro"]
[Black "sergoy"]
[Result "0-1"]
[WhiteElo "2875"]
[BlackElo "3014"]
[TimeControl "180+1"]
[EndTime "14:39:55 PDT"]
[Termination "sergoy won by checkmate"]

1. d4 Nf6 2. Nf3 d5 3. c4 e6 4. Nc3 c6 5. Bg5 h6 6. Bh4 dxc4 7.
e4 g5 8. Bg3 b5 9. Be2 Bb7 10. Qc2 Nh5 11. O-O Nd7 12. Rad1 Nxg3 13. hxg3 Qb6 14. d5 Bc5 15. dxe6 fxe6 16. e5 O-O-O 17. Qg6 Rde8 18. Ne4 Rhf8 19. Nd6+ Bxd6 20.
Rxd6 Qc5 21. Qg7 Nb6 22. Nd4 Rg8 23. Qf6 Rgf8 24. Qg7 Rg8 25. Qf6 Nd7 26. Rxd7 Kxd7 27. Rd1 Kc7 28. Nxe6+ Rxe6 29. Qxe6 Rf8 30. Bf3 Kb6 31. Rd6 h5 32. Qe7 Rc8 33. Qxg5 Re8 34. Rd7 Rxe5 35. Qd8+ Ka6 36. Qc7 Re1+ 37. Kh2 Qb6 38.
Qb8 Re6 39. Bxh5 Rh6 40. g4 b4 41. Qe5 Qb5 42. Qxb5+ cxb5 43. Kg3 c3 44. bxc3 bxc3 45. Rd1 b4 46. f3 Kb5 47. Kf4 a5 48. Kg5 Rh8 49.
Bg6 a4 50. Bd3+ Kc5 51. Bf5 Bd5 52. Kf6 Bxa2 53. g5 b3 54. g6 b2 55. g7 Rb8 56.
g4 Bb3 57. Re1 c2 58. Re5+ Kd4 59. Bxc2 Bxc2 60. Re7 b1=Q 61. Rd7+ Ke3 62. f4 Kf3 63. f5 Qb2+ 64. Kf7 Bb3+ 65. Kg6 Qc2 66. Re7 Bd5 67. Re5 Kxg4 68. Kh6 Qc6+ 69. Kh7 Bg8+ 70. Kh8 Qh6# 0-1

[Event "Late-Titled-Tuesday-Blitz-October-03-2023"]
[Site "Chess.com"]
[Date "2023.10.03"]
[Round "4"]
[White "Haykoooo0o"]
[Black "Aswathchess"]
[Result "1-0"]
[WhiteElo "2455"]
[BlackElo "2601"]
[TimeControl "180+1"]
[EndTime "14:40:06 PDT"]
[Termination "Haykoooo0o won by resignation"]

1. d4 Nf6 2. Nf3 e6 3. e3 d5 4. Bd3 c5 5. c3 Nc6 6. Nbd2 Bd6 7. Qe2 O-O 8. O-O e5 9. dxc5 Bxc5 10. e4 Nh5 11. g3 Bh3 12. Re1 Nf6 13. exd5 Qxd5 14.
Ne4 Nxe4 15. Bxe4 Qd7 16. Ng5 Bf5 17. Rd1 Qc8 18. Qc4 Ne7 19. Qd3 Rd8 20. Qxd8+ Qxd8 21. Rxd8+ Rxd8 22. Bxb7 h6 23. Ne4 Bb6 24. Be3 Rd7 25.
Ba8 Rd8 26. Bb7 Rb8 27. Bxb6 Rxb7 28. Bc5 Bxe4 29. Re1 f5 30. f3 Bxf3 31. Rxe5 Ng6 32. Rxf5 Be4 33. Rf2 Ne5 34. Bd4 Nf3+ 35. Kf1 Rd7 36.
Ke2 Nxd4+ 37. cxd4 Rxd4 38. Ke3 Ra4 39. b3 Rb4 40.
Rf4 Kh7 41. Rxe4 Rb6 42. Ra4 a6 43. b4 Rd6 44. a3 Kg6 45. Ra5 Kf7 46. h4 Ke7 47.
Kf4 g6 48. g4 Kf6 49. g5+ hxg5+ 50. hxg5+ Ke6 51. Ke4 Ke7 52. Ke5 Re6+ 53. Kd5 Rd6+ 54. Kc5 Re6 55. a4 Kd7 56. b5 axb5 57. Rxb5 Kc7 58. a5 Re5+ 59. Kb4 Re4+ 60. Ka3 Re3+ 61. Ka4 Re4+ 62. Rb4 Re5 63. a6 Re6 64. Ka5 Re1 65.
a7 Ra1+ 66. Ra4 Rxa4+ 67. Kxa4 Kb7 68. Kb5 Kxa7 69. Kc6 Kb8 70. Kd6 Kc8 71. Ke6 Kd8 72. Kf6 Ke8 73. Kxg6 Kf8 74. Kh7 Kf7 75. g6+ 1-0

[Event "Late-Titled-Tuesday-Blitz-October-03-2023"]
[Site "Chess.com"]
[Date "2023.10.03"]
[Round "4"]
[White "SaqoChess_Twitch"]
[Black "jup1978"]
[Result "1-0"]
[WhiteElo "2638"]
[BlackElo "2507"]
[TimeControl "180+1"]
[EndTime "14:40:14 PDT"]
[Termination "SaqoChess_Twitch won by resignation"]

1. d4 d5 2. c4 c6 3. Nc3 Nf6 4. e3 a6 5. Nf3 Bf5 6. Bd3 Bxd3 7. Qxd3 e6 8. O-O c5 9. cxd5 exd5 10. dxc5 Bxc5 11.
Rd1 Nc6 12. Nxd5 Nxd5 13. Qxd5 Qxd5 14. Rxd5 Be7 15. Bd2 O-O 16. Bc3 Rfd8 17. Rad1 Rxd5 18. Rxd5 Rd8 19. Rxd8+ Bxd8 20. Nd4 Nxd4 21. Bxd4 f6 22. Kf1 Kf7 23. Ke2 Ke6 24. Kd3 g6 25. e4 f5 26.
exf5+ gxf5 27. Kc4 Be7 28. a4 Bd6 29. b4 Be7 30. b5 axb5+ 31. Kxb5 Kd7 32. Bc5 Bf6 33.
Kb6 Kc8 34. h3 Bd8+ 35. Kb5 Kd7 36. Bb6 Be7 37. Bd4 Bd6 38. Kb6 Kc8 39. f3 Be7 40.
g4 fxg4 41. hxg4 Bd6 42. Be3 Bc7+ 43. Kc5 Kd7 44. Kd5 Ke7 45. f4 Kf6 46. Ke4 Bd6 47. f5 Bc7 48. g5+ Kf7 49. Bf4 Bd8 50. Kd5 Be7 51. Be3 Bb4 52. Kc4 Bd6 53. Kb5 Bc7 54. Bb6 Bf4 55. Bd8 Ke8 56. Bf6 Be3 57. g6 hxg6 58. fxg6 Kf8 59. Kc4 Bf2 60. Kd5 Bg3 61.
Ke6 Bf2 62. Kd7 Bc5 63. Kc7 b6 64. Kc6 Be3 65. Kb5 Bf2 66. Kc4 Be1 67. Bd4 Kg8 68.
Kd5 Bd2 69. Ke6 Ba5 70. Kf5 Kf8 71. Kg4 Kg8 72. Kh5 Kf8 73. Be3 Kg7 74. Kg5 Kg8 75. Kh6 Kh8 76. Bd4+ Kg8 77. g7 Bd2+ 78. Kh5 Bb4 79.
Kg6 Ba5 80. Be3 Bc3 81. Bxb6 Bxg7 82. a5 Be5 83. Kf5 Bb8 84. Ke6 Kf8 85. Kd7 Kf7 86. a6 Kf8 87. Kc8 Ba7 88. Bxa7 1-0

[Event "Late-Titled-Tuesday-Blitz-October-03-2023"]
[Site "Chess.com"]
[Date "2023.10.03"]
[Round "4"]
[White "Angry_Twin"]
[Black "Polish_fighter3000"]
[Result "1-0"]
[WhiteElo "2938"]
[BlackElo "3067"]
[TimeControl "180+1"]
[EndTime "14:40:29 PDT"]
[Termination "Angry_Twin won by checkmate"]

1. e4 c5 2. Nf3 e6 3. d4 cxd4 4. Nxd4 a6 5. c4 Nf6 6. Nc3 Qc7 7. a3 b6 8. Be2 Bb7 9. f3 Nc6 10. Be3 Bc5 11. Qd2 O-O 12. O-O Qd6 13. Rfd1 e5 14. Nf5 Qxd2 15. Rxd2 Rab8 16. Kf2 g6 17. Nd6 Bxe3+ 18. Kxe3 Nd4 19. Rad1 Ne8 20. Nxb7 Rxb7 21.
Bf1 d6 22. Ne2 Nb3 23. Rd5 Kg7 24. g3 f6 25. Nc3 Kf7 26. f4 Ke7 27. R5d3 Nd4 28.
Nd5+ Kd8 29. Bh3 Nc7 30. Nc3 Ke7 31. Ne2 Nxe2 32. Kxe2 Rd8 33. Ke3 a5 34. Ke2 Na6 35. fxe5 fxe5 36. Rf1 Re8 37. Rdf3 Rc7 38. Rf7+ Kd8 39.
R1f6 Rxf7 40. Rxf7 Re7 41. Rf8+ Re8 42. Rf6 Ke7 43.
Re6+ Kd7 44. Rxg6+ Kc6 45. Rg7 Nc5 46. Rxh7 a4 47.
Bf5 Rg8 48. g4 b5 49. cxb5+ Kxb5 50. h4 Kc4 51. g5 Kd4 52. g6 Nxe4 53. Bxe4 Kxe4 54.
h5 Kf5 55. g7 d5 56. h6 Kg6 57.
Rh8 Kf7 58. h7 Rxg7 59. Rf8+ Kxf8 60. h8=Q+ Kf7 61. Qh5+ Kf6 62. Qh6+ Rg6 63. Qf8+ Kg5 64. Qe7+ Kf5 65. Qf7+ Rf6 66. Qxd5 Rb6 67. Qd7+ Kf4 68.
Qd2+ Kf5 69. Qd3+ Kf6 70. Qf3+ Ke6 71. Qg4+ Kd5 72. Qd7+ Kc5 73. Qxa4 Rxb2+ 74. Ke3 Rb5 75. Ke4 Kb6 76. Qc4 Rc5 77. Qb4+ Rb5 78. Qd6+ Ka5 79.
Kd3 Rb1 80. Kc2 Rb5 81. Kc3 Rb1 82. Qxe5+ Rb5 83. Qd4 Rb6 84. Qc5+ Ka6 85. Kc4 Rb7 86. Qc6+ Rb6 87. Qa8# 1-0